AoeStats
← mountain98

Hideout

508952473Analyzed
1v1 RM · 7d ago on Sep 24, 2026· 52m 7s· 2 players
Game mode
Random Map
Map size
Tiny (2 player)
Population
200
Speed
Normal
Resources
Standard
Victory
Conquest
Starting age
Dark Age
Ending age
Imperial Age
RankedLock teamsTeams togetherTeam positionsShared explorationLock speedFull tech treeHidden civsTurbo modeCheats
Victory
Defeat
🇳🇱 Saxons · Netherlands
887
+14
🇩🇪 Vietnamese · Germany
840
-14
Your badger dentist
5:30 Loom
10:57 Feudal Age
11:26 Double-Bit Axe
11:23 Horse Collar
12:40 Wheelbarrow
14:07 Gold Mining
16:35 Fletching
19:40 Castle Age
19:11 Padded Archer Armor
20:37 Bow Saw
20:32 Heavy Plow
20:26 Stone Mining
20:24 Town Watch
20:45 Bodkin Arrow
24:14 Stone Shaft Mining
25:26 Leather Archer Armor
29:46 Scale Barding Armor
37:24 Imperial Age
37:30 Light Cavalry
40:16 Two-Man Saw
40:03 Bloodlines
39:54 Husbandry
40:08 Forging
40:59 Crop Rotation
41:55 Iron Casting
43:00 Chain Barding Armor
47:25 Paper Money
50:20 Chatras
mountain98
7:53 Loom
11:23 Feudal Age
16:02 Castle Age
15:47 Double-Bit Axe
15:44 Horse Collar
19:28 Gold Mining
20:03 Scale Mail Armor
27:10 Forging
27:53 Heavy Plow
32:03 Wheelbarrow
31:13 Town Watch
36:45 Imperial Age
37:36 Iron Casting
37:06 Scale Barding Armor
37:17 Chain Mail Armor
37:39 Sanctity
37:04 Light Cavalry
38:37 Gold Shaft Mining
38:26 Bow Saw
38:36 Bloodlines
39:22 Hand Cart
39:10 Town Patrol
40:30 Elite Hearth Troop
42:59 Plate Mail Armor
42:51 Chain Barding Armor
44:23 Cavalier
45:07 Husbandry
46:22 Two-Man Saw
45:54 Crop Rotation
Connection lost

Rejoining the realm…

Still unreachable

The connection could not be restored.

Session expired

The server has moved on; the page needs a fresh start.